 Dungeon Crawl Stone Soup version 0.20.1-1-g8b1a95d (webtiles) character file.

50 JackS81 the Stinger (level 3, -14/21 HPs)
             Began as an Octopode Venom Mage on Aug 20, 2017.
             Engulfed by a cloud of flame (17 damage)
             ... on level 2 of the Dungeon.
             The game lasted 00:09:49 (906 turns).

JackS81 the Stinger (Octopode Venom Mage)            Turns: 906, Time: 00:09:50

Health: -14/21     AC:  1    Str:  7    XL:     3   Next: 79%
Magic:  6/6        EV: 13    Int: 18    God:
Gold:   71         SH:  0    Dex: 12    Spells: 2/6 levels left

rFire    . . .     SeeInvis +   c - +0 dagger
rCold    . . .     Gourm    .   (no shield)
rNeg     . . .     Faith    .   (helmet restricted)
rPois    .         Spirit   .   (no amulet)
rElec    .         Reflect  .   g - ring of see invisible
rCorr    .         Harm     .   (no ring)
MR       .....                  (no ring)
Stlth    +++.......             (no ring)
Regen    0.1/turn               (no ring)
MPRegen  0.1/turn               (no ring)
                                (no ring)
                                (no ring)

@: no status effects
A: almost no armour, stealthy swim, amphibious, 8 rings, constrict 8, camouflage
1, gelatinous body 1
a: no special abilities


You were on level 2 of the Dungeon.
You were not hungry.

You visited 1 branch of the dungeon, and saw 2 of its levels.

You collected 71 gold pieces.

Inventory:

Hand Weapons
 c - a +0 dagger (weapon)
Missiles
 h - 13 stones (quivered)
Jewellery
 g - a ring of see invisible (left tentacle)
Scrolls
 d - 2 scrolls of identify {unknown}
 i - 2 scrolls of teleportation {unknown}
 k - a scroll of remove curse {unknown}
Potions
 e - a potion of might {unknown}
 l - a potion of curing {unknown}
Books
 a - a Young Poisoner's Handbook

   Spells                             Type                      Level
   a - Sting                          Conjuration/Poison           1
   b - Poisonous Vapours              Poison/Air                   2
   c - Mephitic Cloud                 Conjuration/Poison/Air       3
   d - Olgreb's Toxic Radiance        Poison                       4
   e - Venom Bolt                     Conjuration/Poison           5
Comestibles
 b - 2 bread rations
 f - 3 royal jellies
 j - 11 chunks of flesh
 m - a meat ration


   Skills:
 - Level 2.0 Dodging
 * Level 3.5 Stealth
 - Level 2.0 Spellcasting
 + Level 1.3 Conjurations
 * Level 5.0 Poison Magic


You had 2 spell levels left.
You knew the following spells:

 Your Spells              Type           Power        Failure   Level  Hunger
a - Sting                 Conj/Pois      ##..         4%          1    #......
b - Mephitic Cloud        Conj/Pois/Air  #.......     22%         3    ###....


Dungeon Overview and Level Annotations

Branches:
Dungeon (2/15)

Altars:
Vehumet


Innate Abilities, Weirdness & Mutations

You cannot wear most types of armour.
You are very stealthy in the water. (Stealth+)
You are amphibious.
You can wear up to eight rings at the same time.
You can use your tentacles to constrict eight enemies at once.
Your skin changes colour to match your surroundings (Stealth+).
Your rubbery body absorbs attacks. (AC +1, EV +1)


Message History

The sting hits the bat.
The bat is poisoned.
You kill the bat!
You are feeling hungry.
Eat one of 11 chunks of flesh? (ye/n/q)
You eat one of the 11 chunks of flesh.
This raw flesh tastes terrible.
A giant cockroach comes into view.
The helpless giant cockroach fails to defend itself.
You puncture the giant cockroach!
You kill the giant cockroach!
You see here a giant cockroach corpse.
You butcher the giant cockroach corpse.
j - 11 chunks of flesh (gained 1)
Found a stone staircase leading down.
Really walk into a travel-excluded area?
You are engulfed in blazing flames.
Ouch! That really hurt!
* * * LOW HITPOINT WARNING * * *
You are engulfed in blazing flames.
Ouch! That really hurt!
You die...

#. .# #. .#
#.###.# #.#...##
####>.....
#..§....########..
#)..§.............
#.#..@§..#.....#..
#.#..§§.##.###.#
#.......##.# # .
#..#.#####.### ..
#.....# #...#
.#.#.....######.#
.....#........#.#
. .#....#.###.#.#
.. #.#....#
#.#.####


There were no monsters in sight!

Vanquished Creatures
  A worm (D:2)
  2 dart slugs (D:1)
  A leopard gecko (D:1)
  2 bats (D:2)
  4 giant cockroaches
  6 goblins
  5 hobgoblins
  9 kobolds (D:1)
  2 ball pythons
  A frilled lizard (D:1)
  6 rats
39 creatures vanquished.

Vanquished Creatures (others)
  A dart slug (D:2)
1 creature vanquished.

Grand Total: 40 creatures vanquished

Notes
Turn   | Place    | Note
-------+----------+-------------------------------------------
     0 | D:1      | JackS81 the Octopode Venom Mage began the quest for the Orb.
     0 | D:1      | Reached XP level 1. HP: 11/11 MP: 3/3
    18 | D:1      | Reached skill level 4 in Poison Magic
    86 | D:1      | Reached XP level 2. HP: 17/17 MP: 1/5
   376 | D:1      | Reached XP level 3. HP: 21/21 MP: 3/6
   752 | D:2      | Learned a level 3 spell: Mephitic Cloud
   833 | D:2      | Found a radiant altar of Vehumet.
   848 | D:2      | Reached skill level 5 in Poison Magic
   906 | D:2      | Engulfed by a cloud of flame

Skill      XL: |  1  2  3 |
---------------+----------+-----
Poison Magic   | 4 5 |  5.0
Stealth        | 3 |  3.5
Dodging        | |  2.0
Spellcasting   | |  2.0
Conjurations   | |  1.3

Action                   || total
-------------------------++-------
Melee: Dagger            ||    15
       Constrict         ||     4
       Tentacles         ||     3
Throw: Stone             ||    32
 Cast: Sting             ||    47
 Stab: Sleeping          ||     4
  Eat: Chunk             ||     1
Armor: Skin              ||     2
Dodge: Dodged            ||    18
